 Dungeon Crawl Stone Soup version 0.18.1-8-gdd0e5ea (webtiles) character file.

32 epen the Insei (level 3, -1/26 HPs)
             Began as a Merfolk Transmuter on May 22, 2016.
             Slain by an adder (2 damage)
             ... on level 2 of the Dungeon.
             The game lasted 00:01:18 (1223 turns).

epen the Insei (Merfolk Transmuter)                 Turns: 1223, Time: 00:01:19

Health: -1/26      AC:  2    Str: 10    XL:     3   Next: 27%
Magic:  4/6        EV: 13    Int: 13    God:
Gold:   119        SH:  0    Dex: 14    Spells: 2 memorised, 3 levels left

rFire  . . .     SeeInvis .       - Unarmed
rCold  . . .     Gourm    .     b - +0 robe
rNeg   . . .     Faith    .     (no shield)
rPois  .         Spirit   .     (no helmet)
rElec  .         Dismiss  .     (no cloak)
rCorr  .         Reflect  .     (no gloves)
SustAt .         Harm     .     (no boots)
MR     .....                    (no amulet)
Stlth  +.........               (no ring)
                                (no ring)

@: lethally poisoned (-1 -> -12), not resistant to hostile enchantments, very
unstealthy
A: change form in water, swift swim
a: no special abilities


You were on level 2 of the Dungeon.
You were not hungry.

You visited 1 branch of the dungeon, and saw 2 of its levels.

You collected 119 gold pieces.

Inventory:

Missiles
 a - 52 arrows
Armour
 b - a +0 robe (worn)
Scrolls
 e - 4 scrolls of identify {unknown}
 g - a scroll of noise {unknown}
 h - 2 scrolls of magic mapping {unknown}
Potions
 f - 2 potions of heal wounds {unknown}
 i - a potion of invisibility {unknown}
 j - a potion of curing {unknown}
Books
 c - a book of Changes

   Spells                             Type                      Level
   a - Beastly Appendage              Transmutation                1
   b - Sticks to Snakes               Transmutation                2
   c - Spider Form                    Transmutation/Poison         3
   d - Ice Form                       Ice/Transmutation            4
   e - Blade Hands                    Transmutation                5
Comestibles
 d - 2 bread rations


   Skills:
 + Level 1.4 Fighting
 + Level 3.4 Dodging
 * Level 3.5 Unarmed Combat
 + Level 2.3 Spellcasting
 * Level 3.1 Transmutations


You had 3 spell levels left.
You knew the following spells:

 Your Spells              Type           Power        Failure   Level  Hunger
a - Beastly Appendage     Trmt           #.....       10%         1    #......
b - Sticks to Snakes      Trmt           #.......     12%         2    ###....


Dungeon Overview and Level Annotations

Branches:
Dungeon (2/15)

Altars:


Message History

Your ball python grabs the adder.
Your ball python constricts the adder.
You barely miss the adder.
The adder is heavily wounded.
* * * LOW HITPOINT WARNING * * *
You feel sick. The adder barely misses you.
Your ball python bites the adder but does no damage.
Your ball python constricts the adder.
You are too injured to fight recklessly!
You completely miss the adder.
The adder is severely wounded.
* * * LOW HITPOINT WARNING * * *
You feel sick. The adder bites you.
* * * LOW HITPOINT WARNING * * *
Your ball python bites the adder but does no damage.
Your ball python constricts the adder.
You hit the adder.
The adder is severely wounded.
* * * LOW HITPOINT WARNING * * *
You feel sick. The adder bites you.
You die...

##.# #.. ## ... . #.# #...#
#.####.#. ........ ## #.#
#SS###.... #.# #.####@...!# #.#
#.##.....### #.# #.##.###.# #.#
#..#.....## ###### #.#
##......###......# #.###
#.###..###.####.###
######.#.###......#..........#
....##.......####.#.#.#..#.#.####
..†...........##....#.#..#.#.##.#


You could see an adder and a friendly ball python.

Vanquished Creatures
  A worm (D:2)
  4 giant geckos
  A bat (D:1)
  2 giant cockroaches (D:1)
  5 goblins
  4 hobgoblins
  2 giant newts (D:1)
  A kobold (D:2)
  3 rats
23 creatures vanquished.

Notes
Turn   | Place    | Note
--------------------------------------------------------------
     0 | D:1      | epen the Merfolk Transmuter began the quest for the Orb.
     0 | D:1      | Reached XP level 1. HP: 15/15 MP: 3/3
   342 | D:1      | Reached XP level 2. HP: 14/21 MP: 5/5
   590 | D:1      | Learned a level 2 spell: Sticks to Snakes
   959 | D:2      | Reached XP level 3. HP: 23/26 MP: 6/6
  1223 | D:2      | HP: 1/26 [poisoned by an adder]
  1223 | D:2      | Slain by an adder

Skill      XL: |  1  2 |
---------------+-------+-----
Dodging        | 3 |  3.4
Transmutations | 3 |  3.1
Fighting       | |  1.4
Unarmed Combat | |  3.5
Spellcasting   | |  2.3

Action                   || total
-------------------------++-------
Melee: Unarmed           ||   117
       Punch             ||     2
 Cast: Sticks to Snakes  ||     3
 Stab: Sleeping          ||     1
  Eat: Chunk             ||     1
Armor: Robe              ||    18
Dodge: Dodged            ||    69
